 Dungeon Crawl Stone Soup version 0.31-b1-20-g67cafac56d (webtiles) character file.

Game seed: 6248696324307754972

215 jagang the Trooper (level 5, -1/64 HPs)
             Began as a Human Monk on Jan 16, 2024.
             Succumbed to a killer bee's poison
             ... on level 4 of the Dungeon on Jan 17, 2024.
             The game lasted 00:05:19 (1859 turns).

jagang the Trooper (Human Monk)                     Turns: 1859, Time: 00:05:20

Health: -1/64      AC: 22    Str: 11    XL:     5   Next: 92%
Magic:  5/5        EV:  2    Int: 11    God:
Gold:   94         SH:  0    Dex: 23    Spells: 4/4 levels left

rFire   . . .        a - +0 falchion
rCold   . . .        d - orb {light}
rNeg    . . .        n - melded +0 chain mail
rPois   +            (helmet currently unavailable)
rElec   .            (cloak currently unavailable)
rCorr   .            (gloves currently unavailable)
SInv    .            j - melded +0 pair of boots
Will    +....        e - amulet of the acrobat
Stlth   +            b - +6 ring of dexterity
HPRegen 0.30/turn    r - ring of willpower
MPRegen 0.09/turn

%: acrobat
@: lethally poisoned (-1 -> -9), tree-form, hasted, glowing, very quick
A: stationary, stasis, torment immunity, boosted hp, explore regen, (iridescent
scales 1), (cold resistance 2)
a: no special abilities


You were on level 4 of the Dungeon.
You were a tree.
You visited 1 branch of the dungeon, and saw 4 of its levels.

You collected 94 gold pieces.

Inventory:

Hand Weapons
 a - a +0 falchion (weapon)
Missiles
 h - 3 boomerangs (quivered)
 p - 6 curare-tipped darts
 q - 2 poisoned darts
Armour
 d - an orb of light (worn)
 j - a +0 pair of boots (melded)
 n - a +0 chain mail (melded)
Jewellery
 b - a +6 ring of dexterity (left branch)
 e - an amulet of the acrobat (around neck)
 f - a +4 ring of protection
 r - a ring of willpower (right branch)
 s - a +6 ring of strength
Wands
 i - a wand of flame (12)
Scrolls
 l - 2 scrolls of noise
 m - 3 scrolls of identify
Potions
 c - a potion of ambrosia
 k - 2 potions of haste


   Skills:
 * Level 4.4 Fighting
 * Level 4.3 Long Blades
 + Level 0.3 Throwing
 * Level 2.9 Armour
 - Level 3.0 Dodging


You had 4 spell levels left.
You didn't know any spells.
Your spell library was empty.

Dungeon Overview and Level Annotations

Branches:
Dungeon (4/15)
 Temple: D:4-7

Altars:

Shops:
D:4 (


Innate Abilities, Weirdness & Mutations

You are a tree.
Your roots penetrate the ground, keeping you stationary.
You cannot be teleported.
You are immune to unholy pain and torment.
Your maximum health is greatly increased.
Your equipment is partially melded.
You regain HP and MP as you explore.
((You are partially covered in iridescent scales. (AC +2)))
((Your flesh is very cold resistant. (rC++)))


Message History

You are poisoned.
The killer bee poisons you! The killer bee stings you.
You slash the killer bee!
You kill the killer bee!
You feel very sick.
The killer bee stings you but does no damage.
You hit the killer bee.
The killer bee is lightly wounded.
You feel sick.
The killer bee stings you but does no damage.
The killer bee stings you. The killer bee barely misses you.
You are too injured to fight recklessly!
You are too injured to fight recklessly!
You are too injured to fight recklessly!
You feel yourself speed up.
You feel sick.
The killer bee stings you but does no damage.
The killer bee stings you!
* * * LOW HITPOINT WARNING * * *
You barely miss the killer bee.
The killer bee is lightly wounded.
You feel sick. The killer bee stings you.
* * * LOW HITPOINT WARNING * * *
You hit the killer bee.
The killer bee is heavily wounded.
You feel sick. The killer bee stings you.
* * * LOW HITPOINT WARNING * * *
You are lethally poisoned!
The killer bee poisons you!
It was a potion of mutation.
You feel extremely strange.
You feel resistant to cold.
You feel more resistant to cold.
Iridescent scales grow over part of your body.
* * * LOW HITPOINT WARNING * * *
You feel sick. The killer bee stings you.
* * * LOW HITPOINT WARNING * * *
The killer bee completely misses you.
It was a potion of lignification.
You turn into a tree.
Your +0 pair of boots melds into your body.
Your +0 chain mail melds into your body.
Your roots penetrate the ground.
You die...

## #### .. ..#
##. #.# #####
##...##.####...#
#............#.#
.....##.####...#
### #♣# ##.##
#y# #.#
....y.yy# #.#
.##+##### #.#
#.# #.# ##.##
####...##
+.......#


You could see 3 killer bees.

Vanquished Creatures
  A killer bee (D:4)
  An orc wizard (D:3)
  7 adders
  2 dart slugs (D:1)
  3 ribbon worms
  5 orcs (D:3)
  11 endoplasms
  3 giant cockroaches
  3 hobgoblins
  4 quokkas
  10 ball pythons
  5 bats
  A frilled lizard (D:2)
  7 goblins
  3 kobolds
  6 rats
72 creatures vanquished.

Notes
Turn   | Place    | Note
-------+----------+-------------------------------------------
     0 | D:1      | jagang the Human Monk began the quest for the Orb.
     0 | D:1      | Reached XP level 1. HP: 18/18 MP: 1/1
    84 | D:1      | Reached XP level 2. HP: 24/24 MP: 2/2
   114 | D:1      | Noticed a great orb of eyes
   118 | D:1      | Noticed a great orb of eyes
   120 | D:1      | Found a faded altar of an unknown god.
   122 | D:1      | Noticed a shining eye
   122 | D:1      | Noticed a shining eye
   230 | D:1      | Reached skill level 1 in Armour
   370 | D:1      | Upgraded the game from 0.31-b1-18-g61460d1e46 to
                  | 0.31-b1-20-g67cafac56d
   370 | D:1      | Reached XP level 3. HP: 21/29 MP: 3/3
   862 | D:2      | Reached XP level 4. HP: 37/37 MP: 4/4
  1374 | D:3      | Reached XP level 5. HP: 28/42 MP: 5/5
  1772 | D:4      | Found Enwisa's Weapon Boutique.
  1858 | D:4      | Gained mutation: Your flesh is cold resistant. (rC+)
                  | [potion of mutation]
  1858 | D:4      | Gained mutation: Your flesh is very cold resistant. (rC++)
                  | [potion of mutation]
  1858 | D:4      | Gained mutation: You are partially covered in iridescent
                  | scales. (AC +2) [potion of mutation]
  1858 | D:4      | HP: 1/43 [killer bee (2)]
  1859 | D:4      | Succumbed to a killer bee's poison

Illustrated notes

Levels and vault maps discovered:
D:1:      dpeg_arrival_court, layout_basic,
          hellmonk_ecumenical_altar_watching_god
D:2:      layout_loops_ring
D:3:      layout_rooms, grunt_decor_clamped
D:4:      layout_loops_corners, minmay_temple_entry_grid, serial_shops, shop,
          nicolae_stop_n_shop_1, shop, nicolae_shop_bloodbath_and_beyond

Skill      XL: |  1  2  3  4 |
---------------+-------------+-----
Armour         | 1 2 |  2.9
Fighting       | 4 |  4.4
Long Blades    | 4 |  4.3
Throwing       | |  0.3
Dodging        | |  3.0

Action                     |  1- 3 |  4- 6 || total
---------------------------+-------+-------++-------
  Melee: Falchion          |    67 |    99 ||   166
    Use: Potion            |       |     3 ||     3
         Scroll            |       |     2 ||     2
 Armour: Leather armour    |    22 |     1 ||    23
         Chain mail        |       |    78 ||    78
  Dodge: Dodged            |    47 |    47 ||    94
